 Dungeon Crawl Stone Soup version 0.18.1-2-ga659475 (webtiles) character file.

392 Mefis the Magician (level 6, -4/32 HPs)
             Began as a Deep Elf Wizard on May 8, 2016.
             Was a Follower of Fedhas.
             Slain by a giant frog zombie (6 damage)
             ... on level 5 of the Dungeon.
             The game lasted 00:14:23 (5996 turns).

Mefis the Magician (Deep Elf Wizard)                Turns: 5996, Time: 00:14:24

Health: -4/32      AC:  4    Str:  4    XL:     6   Next: 50%
Magic:  6/16       EV:  8    Int: 25    God:    Fedhas [*.....]
Gold:   259        SH:  6    Dex: 13    Spells: 7 memorised, 1 level left

rFire  + . .     SeeInvis .     e - +0 dagger
rCold  x . .     Gourm    .     a - +0 robe
rNeg   . . .     Faith    .     D - +0 buckler
rPois  .         Spirit   .     b - +0 hat
rElec  .         Dismiss  .     y - +0 cloak
rCorr  .         Reflect  +     q - +0 pair of gloves
SustAt .         Harm     .     (no boots)
MR     .....                    l - +3 amulet of reflection
Stlth  ++........               (no ring)
                                v - ring of fire

@: not resistant to hostile enchantments, unstealthy
A: no striking features
a: Evolution, Renounce Religion


You were on level 5 of the Dungeon.
You worshipped Fedhas.
Fedhas was aware of your devotion.
You were hungry.

You visited 2 branches of the dungeon, and saw 7 of its levels.

You collected 259 gold pieces.

Inventory:

Hand Weapons
 e - a +0 dagger (weapon)
Missiles
 x - 20 poisoned needles
 z - a throwing net (quivered)
Armour
 a - a +0 robe (worn)
 b - a +0 hat (worn)
 q - a +0 pair of gloves (worn)
 y - a +0 cloak (worn)
 D - a +0 buckler (worn)
Jewellery
 l - a +3 amulet of reflection (around neck)
 m - an uncursed amulet of faith
 v - a ring of fire (left hand)
Scrolls
 d - 2 scrolls of remove curse
 i - 2 scrolls of magic mapping {unknown}
 j - 2 scrolls of enchant weapon {unknown}
 n - a scroll of amnesia {unknown}
 p - a scroll of blinking {unknown}
 r - 2 scrolls of noise {unknown}
 s - a scroll of fog {unknown}
 w - 2 scrolls of teleportation {unknown}
Potions
 f - 3 potions of might {unknown}
 g - 2 potions of degeneration {unknown}
 h - 3 potions of curing {unknown}
 k - a potion of flight {unknown}
 o - 5 potions of lignification {unknown}
 u - 2 potions of haste {unknown}
 C - a potion of brilliance {unknown}
Books
 c - a book of Minor Magic

   Spells                             Type                      Level
   a - Magic Dart                     Conjuration                  1
   b - Blink                          Translocation                2
   c - Call Imp                       Summoning                    2
   d - Repel Missiles                 Charms/Air                   2
   e - Slow                           Hexes                        2
   f - Conjure Flame                  Conjuration/Fire             3
   g - Mephitic Cloud                 Conjuration/Poison/Air       3
Comestibles
 t - a beef jerky
 A - 2 meat rations
 B - a slice of pizza


   Skills:
 + Level 4.1 Dodging
 + Level 3.8 Stealth
 * Level 0.1 Shields
 + Level 5.9 Spellcasting
 + Level 2.5 Conjurations
 + Level 2.5 Summonings
 + Level 2.1 Translocations
 + Level 1.3 Fire Magic
 + Level 2.5 Poison Magic


You had one spell level left.
You knew the following spells:

 Your Spells              Type           Power        Failure   Level  Hunger
a - Magic Dart            Conj           ###.         4%          1    None
b - Call Imp              Summ           ###.....     8%          2    None
c - Blink                 Tloc           N/A          10%         2    None
d - Repel Missiles        Chrm/Air       #.....       21%         2    None
e - Mephitic Cloud        Conj/Pois/Air  ###.....     21%         3    #......
f - Conjure Flame         Conj/Fire      ####....     21%         3    #......
g - Slow                  Hex            #.......     21%         2    None


Dungeon Overview and Level Annotations

Branches:
Dungeon (6/15)             Temple (1/1) D:4

Altars:
Ashenzari
Elyvilon
Fedhas
Kikubaaqudgha
Nemelex Xobeh
Okawaru
Pakellas
Qazlal
Ru
Xom
Yredelemnul
The Shining One

Annotations:
D:2 fly to potion
D:5 Mefis's ghost, novice DEWz


Message History

Okay, then.
Drink which item? (? for menu, Esc to quit)
Okay, then.
You block the giant frog zombie's attack.
The giant frog zombie closely misses you.
The worker ant waves its antennae.
The giant frog zombie barely misses you.
The giant frog zombie misses you. The giant frog zombie hits you!
* * * LOW HITPOINT WARNING * * *
The giant frog zombie hits you but does no damage.
You see here a robe.
The giant frog zombie closely misses you.
Your magical contamination has completely faded away.
You are feeling hungry.
The giant frog zombie hits you but does no damage.
There is a stone staircase leading up here.
The giant frog zombie hits you.
You die...
Fedhas appreciates your contribution to the ecosystem.

...aW......########.#
.######W#### #.# .# #.#
#.###### .#
#.###########......# a##
#.........[.W...##.#
..###################.##.#
.....>.........)......##.#
..######.########..W####)##
..# #.Z..# #..[.@Z........#
..###.##.###.####.#########
...a...#.#..........#
.####..#.#.#.####.#.#####
.# #..#.#.#....#.#.....# ##
#..#.#......#.#####.#
#####..#.########.# #.#
...##..#.#........# #.#
...##..#.#.######## #.#


You could see Mefis's ghost and a giant frog zombie.

Vanquished Creatures
  A quasit (D:5)
  A centaur zombie (D:5)
  A jelly (D:3)
  A giant frog skeleton (D:4)
  Ijyb (D:3)
  2 worker ants
  5 adders
  3 gnolls
  2 oozes
  A dart slug (D:1)
  4 giant geckos
  9 orcs
  7 bats
  5 giant cockroaches
  5 hobgoblins
  3 quokkas
  A ball python (D:3)
  3 giant newts
  9 goblins
  A jackal skeleton (D:5)
  5 kobolds
  7 rats
77 creatures vanquished.

Vanquished Creatures (collateral kills)
  Natasha (twice) (D:4)
2 creatures vanquished.

Vanquished Creatures (others)
  A kobold (D:1)
  2 plants (D:3)
3 creatures vanquished.

Grand Total: 82 creatures vanquished

Notes
Turn   | Place    | Note
--------------------------------------------------------------
     0 | D:1      | Mefis the Deep Elf Wizard began the quest for the Orb.
     0 | D:1      | Reached XP level 1. HP: 10/10 MP: 7/7
   209 | D:1      | Reached XP level 2. HP: 15/15 MP: 5/9
   248 | D:1      | Learned a level 2 spell: Call Imp
   251 | D:1      | Learned a level 2 spell: Blink
   254 | D:1      | Learned a level 2 spell: Repel Missiles
   787 | D:1      | Reached XP level 3. HP: 19/19 MP: 0/11
   882 | D:1      | Learned a level 3 spell: Mephitic Cloud
  1068 | D:2      | Found a faded altar to an unknown god.
  1081 | D:2      | Became a worshipper of Fedhas Madash
  1081 | D:2      | Reached * piety under Fedhas
  1188 | D:2      | Reached skill level 5 in Spellcasting
  1691 | D:2      | Found a sacrificial altar of Ru.
  1940 | D:2      | Found an iron altar of Okawaru.
  1984 | D:3      | Reached skill level 1 in Poison Magic
  1984 | D:3      | Reached XP level 4. HP: 24/24 MP: 5/13
  2046 | D:3      | Learned a level 3 spell: Conjure Flame
  2266 | D:3      | Found a stormy altar of Qazlal.
  2494 | D:3      | Noticed Ijyb
  2517 | D:3      | Killed Ijyb
  2517 | D:3      | Reached XP level 5. HP: 16/28 MP: 0/14
  3598 | D:4      | Found a shattered altar of Ashenzari.
  3641 | D:4      | Reached skill level 1 in Fire Magic
  3864 | D:4      | Found a staircase to the Ecumenical Temple.
  3907 | Temple   | Entered the Ecumenical Temple
  4058 | D:4      | Noticed Natasha
  4077 | D:4      | Killed Natasha
  4157 | D:4      | Noticed Natasha
  4169 | D:4      | Killed Natasha
  4169 | D:4      | Reached XP level 6. HP: 14/32 MP: 1/16
  4173 | D:4      | Learned a level 2 spell: Slow
  4598 | D:5      | Entered Level 5 of the Dungeon
  5195 | D:5      | Noticed an ice beast
  5614 | D:5      | Noticed Mefis's ghost (novice DEWz)
  5932 | D:6      | Noticed a sky beast
  5982 | D:5      | HP: 1/32 [giant frog zombie (7)]
  5996 | D:5      | Slain by a giant frog zombie

Skill      XL: |  1  2  3  4  5  6 |
---------------+-------------------+-----
Dodging        | 3 4 |  4.1
Spellcasting   | 5 |  5.9
Stealth        | 3 |  3.8
Summonings     | 2 |  2.5
Poison Magic   | 1 2 |  2.5
Conjurations   | 2 |  2.5
Fire Magic     | 1 |  1.3
Translocations | 2 |  2.1
Shields        | |  0.1

Action                   |  1- 3 |  4- 6 || total
-------------------------+-------+-------++-------
Melee: Dagger            |     5 |    17 ||    22
 Cast: Magic Dart        |   101 |   154 ||   255
       Repel Missiles    |     1 |       ||     1
       Call Imp          |       |    10 ||    10
       Mephitic Cloud    |       |     6 ||     6
       Blink             |       |     2 ||     2
       Conjure Flame     |       |     4 ||     4
  Use: Scroll            |       |     1 ||     1
 Stab: Sleeping          |     1 |     4 ||     5
       Distracted        |       |     1 ||     1
  Eat: Chunk             |     2 |     4 ||     6
       Bread ration      |       |     2 ||     2
Armor: Robe              |     5 |    19 ||    24
Dodge: Dodged            |    22 |    57 ||    79
       Deflected         |     3 |       ||     3
Block: Other             |     4 |     8 ||    12
       Reflection        |     3 |       ||     3
       Buckler           |       |     4 ||     4
